TOP OF THE 1ST |
Pensacola Blue Wahoos batting - Pitching for Tulsa Drillers : RHP Eddie Usrey
|
Pitching: RHP Eddie Usrey
|
|
Batting: RHB Tony Casas
|
0-0: Foul Ball, location: 2F 0-1: Foul Ball, location: 2F 0-2: Ball 1-2: Strikes out swinging
|
Batting: LHB Phil Lomax
|
0-0: Ball 1-0: Ground out 6-3 (Groundball, 6S, EV 69.4 MPH)
|
Batting: RHB Juan Reyes
|
0-0: Ball 1-0: Foul Ball, location: 2F 1-1: Foul Ball, location: 2F 1-2: Ball 2-2: Foul Ball, location: 2F 2-2: Ball 3-2: Base on Balls
|
Batting: RHB Jonathan Robies
|
0-0: Called Strike 0-1: Called Strike 0-2: Strikes out swinging
|
Top of the 1st over - 0 runs, 0 hits, 0 errors, 1 left on base; Pensacola 0 - Tulsa 0 |
BOTTOM OF THE 1ST |
Tulsa Drillers batting - Pitching for Pensacola Blue Wahoos : LHP Suk-jin Sok
|
Pitching: LHP Suk-jin Sok
|
|
Batting: RHB Josh Crenwelge
|
0-0: Ball 1-0: Foul Ball, location: 2F 1-1: Ball 2-1: Ball 3-1: Called Strike 3-2: SOLO HOME RUN (Flyball, 78XD, EV 107.5 MPH), Distance : 392 ft
|
Batting: RHB Daniel Samano
|
0-0: Foul Ball, location: 2F 0-1: Ball 1-1: Swinging Strike 1-2: Foul Ball, location: 2F 1-2: Strikes out swinging
|
Batting: RHB Tony Rivera
|
0-0: Ball 1-0: Ball 2-0: Called Strike 2-1: Ball 3-1: Base on Balls
|
Batting: RHB Nick Getz
|
0-0: Called Strike 0-1: Ball 1-1: Called Strike 1-2: Foul Ball, location: 2F 1-2: Foul Ball, location: 2F 1-2: Fly out, F8 (Flyball, 8RM, EV 82.5 MPH)
|
Batting: SHB Nate Kopchak
|
0-0: Ground out 5-3 (Groundball, 56S, EV 85.6 MPH)
|
Bottom of the 1st over - 1 run, 1 hit, 0 errors, 1 left on base; Pensacola 0 - Tulsa 1 |
TOP OF THE 2ND |
Pensacola Blue Wahoos batting - Pitching for Tulsa Drillers : RHP Eddie Usrey
|
Batting: RHB Jordan Torres
|
0-0: Called Strike 0-1: Foul Ball, location: 2F 0-2: Ground out 4-3 (Groundball, 4MD, EV 87.5 MPH)
|
Batting: RHB Dave Ruiz
|
0-0: Foul Ball, location: 2F 0-1: Called Strike 0-2: Ball 1-2: Ball 2-2: Ball 3-2: Strikes out swinging
|
Batting: RHB Joe Kooyers
|
0-0: Ground out U3 (Groundball, 3, EV 87.5 MPH)
|
Top of the 2nd over - 0 runs, 0 hits, 0 errors, 0 left on base; Pensacola 0 - Tulsa 1 |
BOTTOM OF THE 2ND |
Tulsa Drillers batting - Pitching for Pensacola Blue Wahoos : LHP Suk-jin Sok
|
Batting: RHB Marcos Villalobos
|
0-0: Fly out, F9 (Flyball, 9D, EV 85.6 MPH)
|
Batting: LHB Kevin Wiebe
|
0-0: Ball 1-0: Called Strike 1-1: Ball 2-1: Foul Ball, location: 2F 2-2: Foul Ball, location: 2F 2-2: Strikes out looking
|
Batting: SHB Justin Toth
|
0-0: Ball 1-0: Ball 2-0: Ball 3-0: Base on Balls
|
Batting: RHB Robby Cuellar
|
0-0: Ball 1-0: Foul Ball, location: 2F 1-1: Ball 2-1: Ball 3-1: DOUBLE (Line Drive, 3D, EV 97.5 MPH) Justin Toth to third Runner from 3rd tries for Home, SAFE, throw by RF to home
|
Batting: RHB Josh Crenwelge
|
0-0: Called Strike 0-1: Foul Ball, location: 2F 0-2: Ground out 4-3 (Groundball, 4, EV 95.6 MPH)
|
Bottom of the 2nd over - 1 run, 1 hit, 0 errors, 1 left on base; Pensacola 0 - Tulsa 2 |
TOP OF THE 3RD |
Pensacola Blue Wahoos batting - Pitching for Tulsa Drillers : RHP Eddie Usrey
|
Batting: LHB Brian Snyder
|
0-0: Ball 1-0: Ball 2-0: Foul Ball, location: 2F 2-1: Foul Ball, location: 2F 2-2: Fly out, F8 (Flyball, 89XD, EV 104.4 MPH)
|
Batting: RHB Matt Silva
|
0-0: Ball 1-0: Called Strike 1-1: Ball 2-1: Ball 3-1: Base on Balls
|
Batting: RHB Tony Casas
|
0-0: Called Strike 0-1: Ball 1-1: Foul Ball, location: 2F 1-2: Strikes out swinging
|
Batting: LHB Phil Lomax
|
0-0: Ball 1-0: Called Strike 1-1: Fly out, F9 (Flyball, 89D, EV 92.5 MPH)
|
Top of the 3rd over - 0 runs, 0 hits, 0 errors, 1 left on base; Pensacola 0 - Tulsa 2 |
BOTTOM OF THE 3RD |
Tulsa Drillers batting - Pitching for Pensacola Blue Wahoos : LHP Suk-jin Sok
|
Batting: RHB Daniel Samano
|
0-0: Ball 1-0: Foul Ball, location: 2F 1-1: Foul Ball, location: 2F 1-2: Strikes out looking
|
Batting: RHB Tony Rivera
|
0-0: Called Strike 0-1: Ball 1-1: Ball 2-1: SINGLE (Groundball, 56, EV 96.9 MPH)
|
Batting: RHB Nick Getz
|
0-0: Called Strike 0-1: Foul Ball, location: 2F 0-2: Fielders Choice at 2nd, 6-4 (Groundball, 6, EV 91.2 MPH)
|
Batting: SHB Nate Kopchak
|
0-0: Called Strike Nick Getz is caught stealing 2nd base 2-4
|
Bottom of the 3rd over - 0 runs, 1 hit, 0 errors, 0 left on base; Pensacola 0 - Tulsa 2 |
TOP OF THE 4TH |
Pensacola Blue Wahoos batting - Pitching for Tulsa Drillers : RHP Eddie Usrey
|
Batting: RHB Juan Reyes
|
0-0: Foul Ball, location: 2F 0-1: Foul Ball, location: 2F 0-2: Strikes out swinging
|
Batting: RHB Jonathan Robies
|
0-0: Called Strike 0-1: Foul Ball, location: 2F 0-2: Fly out, F9 (Line Drive, 9S, EV 92.5 MPH)
|
Batting: RHB Jordan Torres
|
0-0: Called Strike 0-1: Swinging Strike 0-2: Ball 1-2: Strikes out looking
|
Top of the 4th over - 0 runs, 0 hits, 0 errors, 0 left on base; Pensacola 0 - Tulsa 2 |
BOTTOM OF THE 4TH |
Tulsa Drillers batting - Pitching for Pensacola Blue Wahoos : LHP Suk-jin Sok
|
Batting: SHB Nate Kopchak
|
0-0: Called Strike 0-1: Ball 1-1: Ground out 6-3 (Groundball, 6M, EV 96.2 MPH)
|
Batting: RHB Marcos Villalobos
|
0-0: Called Strike 0-1: Foul Ball, location: 2F 0-2: Ball 1-2: Ball 2-2: Ball 3-2: Foul Ball, location: 2F 3-2: SOLO HOME RUN (Flyball, 7LD, EV 96.2 MPH), Distance : 330 ft
|
Batting: LHB Kevin Wiebe
|
0-0: Ground out 5-3 (Groundball, 6, EV 87.5 MPH)
|
Batting: SHB Justin Toth
|
0-0: Fly out, F8 (Flyball, 8RM, EV 71.9 MPH)
|
Bottom of the 4th over - 1 run, 1 hit, 0 errors, 0 left on base; Pensacola 0 - Tulsa 3 |
TOP OF THE 5TH |
Pensacola Blue Wahoos batting - Pitching for Tulsa Drillers : RHP Eddie Usrey
|
Batting: RHB Dave Ruiz
|
0-0: Called Strike 0-1: Reached on error, E4 (Groundball, 34, EV 86.9 MPH)
|
Batting: RHB Joe Kooyers
|
0-0: Ball 1-0: Ball 2-0: Ball 3-0: Called Strike 3-1: Base on Balls Dave Ruiz to second
|
Batting: LHB Brian Snyder
|
0-0: Called Strike 0-1: Ball 1-1: Foul Ball, location: 2F 1-2: Ball 2-2: Foul Ball, location: 2F 2-2: Strikes out looking
|
Batting: RHB Matt Silva
|
0-0: Grounds into double play, 3-6-1 (Groundball, 3S, EV 83.1 MPH)
|
Top of the 5th over - 0 runs, 0 hits, 1 error, 1 left on base; Pensacola 0 - Tulsa 3 |
BOTTOM OF THE 5TH |
Tulsa Drillers batting - Pitching for Pensacola Blue Wahoos : LHP Suk-jin Sok
|
Batting: RHB Robby Cuellar
|
0-0: Called Strike 0-1: Ball 1-1: Swinging Strike 1-2: Strikes out swinging
|
Batting: RHB Josh Crenwelge
|
0-0: SINGLE (Line Drive, 6MD, EV 100.6 MPH)
|
Batting: RHB Daniel Samano
|
0-0: Fielders Choice at 2nd, 1-6 (Groundball, 13S, EV 65.6 MPH)
|
Batting: RHB Tony Rivera
|
0-0: Called Strike 0-1: Ball 1-1: Ball Daniel Samano steals 2nd base (no throw) 2-1: SINGLE (Groundball, 6MD, EV 106.2 MPH) Daniel Samano to third Runner from 3rd tries for Home, throw by CF and OUT! 8-2
|
Bottom of the 5th over - 0 runs, 2 hits, 0 errors, 1 left on base; Pensacola 0 - Tulsa 3 |
TOP OF THE 6TH |
Pensacola Blue Wahoos batting - Pitching for Tulsa Drillers : RHP Eddie Usrey
|
Batting: RHB Tony Casas
|
0-0: Called Strike 0-1: Foul Ball, location: 2F 0-2: Ball 1-2: Fly out, F8 (Line Drive, 8RM, EV 96.2 MPH)
|
Batting: LHB Phil Lomax
|
0-0: Ball 1-0: Ball 2-0: Called Strike 2-1: Foul Ball, location: 2F 2-2: Foul Ball, location: 2F 2-2: Foul Ball, location: 2F 2-2: Foul Ball, location: 2F 2-2: Ball 3-2: Foul Ball, location: 2F 3-2: Fly out, F8 (Flyball, 8RD, EV 91.2 MPH)
|
Batting: RHB Juan Reyes
|
0-0: Ball 1-0: Swinging Strike 1-1: Ball 2-1: Foul Ball, location: 2F 2-2: Ground out 1-3 (Groundball, 13S, EV 70.6 MPH)
|
Top of the 6th over - 0 runs, 0 hits, 0 errors, 0 left on base; Pensacola 0 - Tulsa 3 |
BOTTOM OF THE 6TH |
Tulsa Drillers batting - Pitching for Pensacola Blue Wahoos : LHP Suk-jin Sok
|
Batting: RHB Nick Getz
|
0-0: Ball 1-0: Called Strike 1-1: Called Strike 1-2: Fly out, F9 (Flyball, 9, EV 76.9 MPH)
|
Batting: SHB Nate Kopchak
|
0-0: Ball 1-0: Ball 2-0: Ball 3-0: Base on Balls
|
Batting: RHB Marcos Villalobos
|
0-0: Ball 1-0: Called Strike 1-1: Fly out, F7 (Flyball, 7, EV 78.1 MPH)
|
Batting: LHB Kevin Wiebe
|
0-0: Ball 1-0: Ball 2-0: Ball 3-0: Base on Balls Nate Kopchak to second
|
Batting: SHB Justin Toth
|
0-0: Fly out, F4 (Line Drive, 4, EV 61.9 MPH)
|
Bottom of the 6th over - 0 runs, 0 hits, 0 errors, 2 left on base; Pensacola 0 - Tulsa 3 |
TOP OF THE 7TH |
Pensacola Blue Wahoos batting - Pitching for Tulsa Drillers : RHP Eddie Usrey
|
Batting: RHB Jonathan Robies
|
0-0: Called Strike 0-1: Ball 1-1: Swinging Strike 1-2: Foul Ball, location: 2F 1-2: Foul Ball, location: 2F 1-2: Strikes out swinging
|
Batting: RHB Jordan Torres
|
0-0: Called Strike 0-1: Fly out, F6 (Popup, 6, EV 57.5 MPH)
|
Batting: RHB Dave Ruiz
|
0-0: Ball 1-0: Called Strike 1-1: Ball 2-1: Swinging Strike 2-2: Strikes out swinging
|
Top of the 7th over - 0 runs, 0 hits, 0 errors, 0 left on base; Pensacola 0 - Tulsa 3 |
BOTTOM OF THE 7TH |
Tulsa Drillers batting - Pitching for Pensacola Blue Wahoos : LHP Suk-jin Sok
|
Batting: RHB Robby Cuellar
|
0-0: Called Strike 0-1: Foul Ball, location: 2F 0-2: SINGLE (Line Drive, 6D, EV 98.8 MPH)
|
Batting: RHB Josh Crenwelge
|
0-0: Bunt missed! 0-1: Ball 1-1: Bunted foul 1-2: Ball 2-2: Grounds into double play, 5-4-3 (Groundball, 5, EV 85.0 MPH)
|
Batting: RHB Daniel Samano
|
0-0: Ball 1-0: Called Strike 1-1: Ball 2-1: Ball 3-1: Foul Ball, location: 2F 3-2: Base on Balls
|
Pitching: LHP Haunani Moritiica
|
|
Batting: RHB Tony Rivera
|
0-0: Foul Ball, location: 2F 0-1: Called Strike 0-2: Ball 1-2: SINGLE (Groundball, 6MD, EV 108.1 MPH) Daniel Samano to second Runner from 2nd tries for 3rd, SAFE, throw by CF made to third Tony Rivera to second
|
Batting: RHB Nick Getz
|
0-0: Ball 1-0: Foul Ball, location: 2F 1-1: Ball 2-1: Ball 3-1: Swinging Strike 3-2: TRIPLE (Flyball, 8RXD, EV 105.6 MPH) Daniel Samano scores Tony Rivera scores
|
Batting: SHB Nate Kopchak
|
0-0: Ball 1-0: Swinging Strike 1-1: Ball 2-1: Ground out 4-3 (Groundball, 4S, EV 66.2 MPH)
|
Bottom of the 7th over - 2 runs, 3 hits, 0 errors, 1 left on base; Pensacola 0 - Tulsa 5 |
TOP OF THE 8TH |
Pensacola Blue Wahoos batting - Pitching for Tulsa Drillers : RHP Eddie Usrey
|
Batting: RHB Joe Kooyers
|
0-0: Ball 1-0: Ball 2-0: Called Strike 2-1: Ground out 4-3 (Groundball, 4, EV 88.8 MPH)
|
Batting: LHB Brian Snyder
|
0-0: Called Strike 0-1: Foul Ball, location: 2F 0-2: Foul Ball, location: 2F 0-2: Ball 1-2: Strikes out swinging, 2-3 out at first.
|
Batting: RHB Matt Silva
|
0-0: Fly out, F8 (Flyball, 8LXD, EV 103.8 MPH)
|
Top of the 8th over - 0 runs, 0 hits, 0 errors, 0 left on base; Pensacola 0 - Tulsa 5 |
BOTTOM OF THE 8TH |
Tulsa Drillers batting - Pitching for Pensacola Blue Wahoos : LHP Haunani Moritiica
|
Batting: RHB Marcos Villalobos
|
0-0: Swinging Strike 0-1: Foul Ball, location: 2F 0-2: Strikes out swinging
|
Batting: LHB Kevin Wiebe
|
0-0: Swinging Strike 0-1: Called Strike 0-2: Strikes out swinging
|
Batting: SHB Justin Toth
|
0-0: Called Strike 0-1: Ball 1-1: Ball 2-1: Foul Ball, location: 2F 2-2: Strikes out looking
|
Bottom of the 8th over - 0 runs, 0 hits, 0 errors, 0 left on base; Pensacola 0 - Tulsa 5 |
TOP OF THE 9TH |
Pensacola Blue Wahoos batting - Pitching for Tulsa Drillers : RHP Eddie Usrey
|
Batting: RHB Tony Casas
|
0-0: Ball 1-0: SINGLE (Line Drive, 4MD, EV 104.4 MPH)
|
Pitching: RHP Etsuji Kawasaki
|
|
Batting: LHB Phil Lomax
|
0-0: Swinging Strike 0-1: Ball 1-1: Ball 2-1: Foul Ball, location: 2F 2-2: Ball 3-2: Strikes out swinging
|
Batting: RHB Juan Reyes
|
0-0: Called Strike 0-1: Swinging Strike 0-2: Ball 1-2: Foul Ball, location: 2F 1-2: Ball Wild Pitch! Tony Casas to second 2-2: Ball 3-2: Base on Balls
|
Batting: RHB Jonathan Robies
|
0-0: Called Strike 0-1: Ball 1-1: Foul Ball, location: 2F 1-2: Strikes out looking
|
Batting: RHB Jordan Torres
|
0-0: Swinging Strike 0-1: Ball 1-1: Ball 2-1: Fielders Choice at 2nd, 5-4 (Groundball, 5, EV 82.5 MPH)
|
Top of the 9th over - 0 runs, 1 hit, 0 errors, 2 left on base; Pensacola 0 - Tulsa 5 |
|